 Dungeon Crawl Stone Soup version 0.30.0-10-gfe55d96785 (webtiles) character file.

Game seed: 7765273182417292904

3091 tish the Changer (level 9, -10/60 (63) HPs)
             Began as an Octopode Transmuter on May 16, 2023.
             Was an Elder of Cheibriados.
             Mangled by a wight
             ... wielding a +3 halberd of freezing
              (12 damage)
             ... on level 7 of the Dungeon.
             The game lasted 00:21:47 (7860 turns).

tish the Changer (Octopode Transmuter)              Turns: 7860, Time: 00:21:48

HP:   -10/60 (63)   AC:  1    Str: 22    XL:     9   Next: 89%
MP:   19/21         EV: 18    Int: 25    God:    Cheibriados [****..]
Gold: 457           SH:  5    Dex: 24    Spells: 0/12 levels left

rFire   + .          .
                       - Unarmed
rCold   . . .        (no shield)
rNeg    . . .        (helmet currently unavailable)
rPois   .            y - amulet of reflection
rElec   .            b - ring of protection from fire
rCorr   .            i - ring of see invisible
SInv    +            w - ring of magical power
Will    .....        (no ring)
Stlth   ++++         (no ring)
HPRegen 0.30/turn    (no ring)
MPRegen 0.17/turn    (no ring)
                     (no ring)

%: reflection
@: appendages, on blink cooldown, lightly drained, very slow
A: tentacle spike 3, almost no armour, amphibious, 8 rings, camouflage 1,
gelatinous body 1, (nimble swimmer 1), tentacles
a: End Transformation, Renounce Religion, Bend Time, Temporal Distortion, Slouch


You were on level 7 of the Dungeon.
You worshipped Cheibriados.
Cheibriados was greatly pleased with you.
One of your tentacles had grown a beastly spike.
You visited 2 branches of the dungeon, and saw 8 of its levels.

You collected 457 gold pieces.

Inventory:

Hand Weapons
 c - a +2 dagger of freezing
Missiles
 e - 4 throwing nets
 f - 5 atropa-tipped darts
 t - 6 curare-tipped darts
Jewellery
 b - a ring of protection from fire (left tentacle)
 i - a ring of see invisible (right tentacle)
 w - a ring of magical power (on tentacle)
 y - an amulet of reflection (around mantle)
Wands
 r - a wand of flame (19)
Scrolls
 g - a scroll of enchant armour
 h - a scroll of noise
 k - 2 scrolls of fog
 l - 2 scrolls of butterflies
 m - 4 scrolls of teleportation
 n - a scroll of amnesia
 q - a scroll of vulnerability
 s - 2 scrolls of brand weapon {unknown}
 v - 3 scrolls of identify
 x - a scroll of immolation
Potions
 a - 3 potions of heal wounds {unknown}
 j - 2 potions of resistance
 o - 3 potions of brilliance {unknown}
 p - 2 potions of invisibility {unknown}
 u - a potion of cancellation {unknown}
 z - a potion of lignification


   Skills:
 + Level 6.3 Fighting
 - Level 6.0 Dodging
 - Level 3.0 Stealth
 - Level 6.0 Unarmed Combat
 - Level 2.0 Spellcasting
 * Level 4.9 Translocations
 - Level 7.0 Transmutations
 - Level 2.0 Air Magic


You couldn't memorise any spells.
You knew the following spells:

 Your Spells              Type           Power      Damage    Failure   Level
a - Beastly Appendage     Tmut           74%        N/A       1%          1
b - Wereblood             Tmut           37%        N/A       1%          2
c - Blink                 Tloc           54%        N/A       2%          2
d - Ice Form              Ice/Tmut       20%        N/A       26%         4
e - Vhi's Electric Charg  Tloc/Air       38%        N/A       9%          3

Your spell library contained the following spells:

 Spells                   Type           Power      Damage    Failure   Level
 Sting                    Tmut/Pois      80%        1d7       2%          1
 Lesser Beckoning         Tloc           54%        N/A       2%          2
 Momentum Strike          Conj/Tloc      28%        3d8       6%          2
 Spider Form              Tmut/Pois      20%        N/A       8%          3
 Freeze                   Ice            8%         1d3       11%         1
 Frozen Ramparts          Ice            4%         1d1       32%         3
 Hailstorm                Conj/Ice       2%         3d3       32%         3
 Animate Dead             Necr           2%         N/A       73%         4
 Arcjolt                  Conj/Air       3%         1d13      90%         5
 Eringya's Noxious Bog    Tmut/Pois      10%        N/A       99%         6
 Statue Form              Tmut/Erth      13%        N/A       99%         6
 Maxwell's Capacitive Co  Air            6%         ∞         100%        8


Dungeon Overview and Level Annotations

Branches:
Dungeon (7/15)             Temple (1/1) D:6

Altars:
Ashenzari
Cheibriados
Dithmenos
Elyvilon
Fedhas
Gozag
Hepliaklqana
Kikubaaqudgha
Makhleb
Nemelex Xobeh
Okawaru
Ru
Sif Muna
Vehumet
Yredelemnul
Zin
The Shining One


Innate Abilities, Weirdness & Mutations

One of your tentacles has grown a beastly spike.
You cannot wear most types of armour.
You are amphibious.
You can wear up to eight rings at the same time.
Your skin changes colour to match your surroundings (Stealth+).
Your rubbery body absorbs attacks. (AC +1, EV +1)
((You are camouflaged when in or above water. (Stealth+)))
You have tentacles for arms and can constrict up to eight enemies at once.


Message History

Confirm with . or Enter, or press ? or * to list all spells.
One of your tentacles grows a vicious spike.
The water moccasin hisses angrily.
You barely miss the water moccasin. Your grab misses the water moccasin.
Your tentacle spike misses the water moccasin.
You squeeze the water moccasin!
The water moccasin is heavily wounded.
You block the water moccasin's attack. The water moccasin misses you.
You barely miss the water moccasin. You grab the water moccasin.
You pierce the water moccasin.
The water moccasin is heavily wounded.
You constrict the water moccasin. You block the water moccasin's attack.
You block the wight's attack.
You tentacle-slap the water moccasin.
The water moccasin is severely wounded.
You constrict the water moccasin.
The water moccasin completely misses you.
The wight hits you from afar with a +3 halberd of freezing!
The wight freezes you.
The wight hits you from afar with a +0 halberd!
Casting: Beastly Appendage (safe; 1% risk of failure)
Confirm with . or Enter, or press ? or * to list all spells.
You blink.
You lose your grip on the water moccasin.
The wight hits you from afar with a +3 halberd of freezing!
* * * LOW HITPOINT WARNING * * *
You feel drained.
* * * LOW HITPOINT WARNING * * *
The wight freezes you.
* * * LOW HITPOINT WARNING * * *
You block the wight's attack.
As you read the scroll of fear, it crumbles to dust.
You assume a fearsome visage.
The wight is unaffected. x3
The water moccasin looks frightened!
The wight hits you from afar with a +0 halberd.
* * * LOW HITPOINT WARNING * * *
You feel drained.
* * * LOW HITPOINT WARNING * * *
The wight hits you from afar with a +3 halberd of freezing!
You die...

.......∩..# #.....## #
##......### #......##.#
###...#### #.........#
##..##.# ##.......##
#..#.#####...>.....###
#..#<###.#...........#
#.[)†.##..............
#.P...##..............
#.._[.[)S...@.........
#.P.P.###.z...#..###...
#.....##..z....#.# #..## ##.
#..............#.###..#. ...#
#..#........z#......... #...#
##.###...........z....#.....#
.. #................#...#..
#.. #....#..................
.....h.h<.z....#


You could see a water moccasin (fleeing) and 3 wights.

Vanquished Creatures
  Pikel (D:5)
  Sigmund (D:3)
  Eustachio (D:5)
  Menkaure (D:4)
  A water moccasin (D:6)
  An orc warrior (D:6)
  3 ogres
  A centaur (D:7)
  A phantom (D:5)
  4 bullfrogs
  Blork the orc (D:4)
  3 scorpions
  2 wights (D:6)
  3 howler monkeys (D:7)
  A crimson imp (D:6)
  3 jellies
  6 hounds
  Crazy Yiuf (D:4)
  A gnoll bouda (D:4)
  A sleepcap (D:4)
  2 orc priests
  3 iguanas
  5 orc wizards
  8 adders
  4 gnolls (D:4)
  2 white imps
  3 ufetubi
  A worm (D:2)
  3 dart slugs
  19 orcs
  7 ball pythons
  4 endoplasms
  A giant cockroach (D:3)
  10 goblins
  7 hobgoblins
  4 jackals (D:3)
  2 kobolds
  4 quokkas
  5 bats
  3 frilled lizards
  4 rats
138 creatures vanquished.

Notes
Turn   | Place    | Note
-------+----------+-------------------------------------------
     0 | D:1      | tish the Octopode Transmuter began the quest for the Orb.
     0 | D:1      | Reached XP level 1. HP: 13/13 MP: 3/3
    24 | D:1      | Reached skill level 1 in Stealth
   141 | D:1      | Reached XP level 2. HP: 13/18 MP: 5/5
   229 | D:1      | Found a faded altar of an unknown god.
   284 | D:1      | Prayed at the altar of an unknown god.
   284 | D:1      | Became a worshipper of Cheibriados the Contemplative
   284 | D:1      | Reached * piety under Cheibriados
   629 | D:2      | Learned a level 2 spell: Wereblood
   695 | D:2      | Reached XP level 3. HP: 13/24 MP: 6/6
  1728 | D:2      | Reached XP level 4. HP: 26/30 MP: 7/7
  2077 | D:3      | Reached ** piety under Cheibriados
  2340 | D:3      | Noticed Sigmund
  2374 | D:3      | Found a burning altar of Makhleb.
  2390 | D:3      | Killed Sigmund
  2391 | D:3      | Reached XP level 5. HP: 35/37 MP: 6/8
  2391 | D:3      | Reached XP level 6. HP: 41/43 MP: 6/9
  2521 | D:3      | Got the Commentary on the Xenotype and the Morgue
  2614 | D:3      | Learned a level 2 spell: Blink
  3053 | D:4      | Noticed Menkaure
  3064 | D:4      | Killed Menkaure
  3197 | D:4      | Noticed Blork the orc
  3198 | D:4      | Reached XP level 7. HP: 29/48 MP: 10/10
  3482 | D:4      | Found an opulent altar of Gozag.
  3569 | D:4      | Reached skill level 5 in Unarmed Combat
  3617 | D:4      | Found a white marble altar of Elyvilon.
  3662 | D:4      | Reached *** piety under Cheibriados
  4018 | D:4      | Found a sparkling altar of Nemelex Xobeh.
  4094 | D:4      | Found a sacrificial altar of Ru.
  4146 | D:4      | Found a runed translucent door.
  4147 | D:4      | Noticed Crazy Yiuf
  4203 | D:4      | Killed Blork the orc
  4204 | D:4      | Reached skill level 3 in Transmutations
  4763 | D:4      | Killed Crazy Yiuf
  4803 | D:5      | Entered Level 5 of the Dungeon
  4830 | D:5      | Reached XP level 8. HP: 43/54 MP: 9/11
  4831 | D:5      | Noticed Pikel
  4836 | D:5      | Killed Pikel
  4837 | D:5      | Reached skill level 5 in Fighting
  4840 | D:5      | Reached skill level 4 in Transmutations
  5154 | D:5      | Noticed Eustachio
  5164 | D:5      | Killed Eustachio
  5256 | D:5      | Reached skill level 5 in Dodging
  5296 | D:5      | Reached XP level 9. HP: 52/62 MP: 12/12
  5347 | D:5      | Reached **** piety under Cheibriados
  5583 | D:5      | Learned a level 4 spell: Ice Form
  5587 | D:5      | Learned a level 3 spell: Vhi's Electric Charge
  5620 | D:6      | Found a staircase to the Ecumenical Temple.
  5644 | Temple   | Entered the Ecumenical Temple
  5995 | D:6      | Reached skill level 5 in Transmutations
  5995 | D:6      | Reached skill level 1 in Air Magic
  6086 | D:6      | Found a shadowy altar of Dithmenos.
  6612 | D:6      | Reached skill level 6 in Transmutations
  6670 | D:6      | Found a broken altar of Ashenzari.
  7268 | D:7      | Found a basalt altar of Yredelemnul.
  7846 | D:7      | Reached skill level 7 in Transmutations
  7860 | D:7      | HP: 2/60 [wight/+0 halberd (2)]
  7860 | D:7      | Mangled by a wight

Illustrated notes

Levels and vault maps discovered:
D:1:      wander_arrival_lonely_grave, layout_rooms,
          dreamdust_ecumenical_altar_angels_and_demons
D:2:      layout_loops_corners, nrook_loot_triangle
D:3:      layout_loops_ring, mainiacjoe_overflow_brackets, grunt_ministairs_3,
          uniq_sigmund
D:4:      layout_layer_cave, mainiacjoe_overflow_boulevard, old_standard_altar,
          mainiacjoe_overflow_surrounded_room, nemelex_diamond_rough_becter,
          uniq_blork_the_orc, uniq_crazy_yiuf_cottage, uniq_menkaure
D:5:      layout_rooms, uniq_pikel, uniq_eustachio
D:6:      layout_basic, nicolae_dithmenos_shadow_blocks, ashenzari_altar_1,
          minmay_temple_entry_grid, minmay_fire_ice_demons
D:7:      layout_layer_cave, yredelemnul_altar_generic,
          nicolae_qazlal_style_of_elements, abandoned_shop
Temple:   hellmonk_temple_forest_ring

Skill      XL: |  1  2  3  4  5  6  7  8  9 |
---------------+----------------------------+-----
Stealth        | 2 3 |  3.0
Fighting       | 2 4 5 6 |  6.3
Unarmed Combat | 4 5 6 |  6.0
Translocations | 2 3 4 |  4.9
Dodging        | 3 5 6 |  6.0
Transmutations | 3 4 7 |  7.0
Air Magic      | 2 |  2.0
Spellcasting   | |  2.0

Action                     |  1- 3 |  4- 6 |  7- 9 || total
---------------------------+-------+-------+-------++-------
  Melee: Unarmed           |    68 |    63 |   189 ||   320
         Constrict         |    20 |    22 |    56 ||    98
         Tentacles         |    17 |    15 |    55 ||    87
         Kick              |     3 |    13 |    49 ||    65
         Punch             |     3 |     1 |    13 ||    17
   Cast: Beastly Appendage |     3 |     5 |    28 ||    36
         Wereblood         |     1 |     1 |     4 ||     6
         Vhi's Electric Ch |       |       |     2 ||     2
         Blink             |       |       |     1 ||     1
    Use: Scroll            |     4 |     3 |     5 ||    12
         Potion            |       |       |     1 ||     1
   Stab: Sleeping          |     5 |    10 |    11 ||    26
 Armour: Skin              |     7 |     4 |     6 ||    17
  Dodge: Dodged            |    34 |    25 |   130 ||   189
  Block: Other             |       |       |    20 ||    20
